 Dungeon Crawl Stone Soup version 0.25-a0-310-g60f0ac2d9a (webtiles) character file.

Game seed: 18414427938063688596, levelgen mode: classic

11713 Borgoz the Protected (level 11, -9/102 HPs)
             Began as a Gargoyle Berserker on Dec 24, 2019.
             Was a High Priest of Trog.
             Mangled by an orc warrior
             ... wielding a +0 halberd
              (14 damage)
             ... in a bailey.
             The game lasted 00:22:56 (10400 turns).

Borgoz the Protected (Gargoyle Berserker)          Turns: 10400, Time: 00:22:57

Health: -9/102     AC: 23    Str: 27    XL:     11   Next: 82%
Magic:  11/11      EV: 14    Int:  7    God:    Trog [*****.]
Gold:   788        SH:  0    Dex: 12    Spells: 10/10 levels left

rFire    + . .     SeeInvis +   a - +3 double sword (slice)
rCold    . . .     Gourm    +   (no shield)
rNeg     + . .     Faith    .   K - +5 scale mail of the Valley {Stlth+}
rPois    ∞         Spirit   .   (no helmet)
rElec    +         Reflect  .   (no cloak)
rCorr    .         Harm     .   (no gloves)
MR       ++...                  J - +0 pair of boots
Stlth    ..........             t - amulet of the gourmand
HPRegen  1.27/turn              I - ring of protection from fire
MPRegen  0.12/turn              i - ring of see invisible

@: berserking (expiring), regenerating, very quick
A: negative energy resistance 1, electricity resistance, unbreathing,
petrification resistance, rot immunity, AC +8
a: Berserk, Trog's Hand, Brothers in Arms, Renounce Religion


You were in a bailey.
You worshipped Trog.
Trog was extremely pleased with you.
You were very full.

You visited 1 branch of the dungeon, and saw 11 of its levels.
You also visited: Ossuary and Bailey.

You collected 788 gold pieces.

Inventory:

Hand Weapons
 a - a +3 double sword of slicing (weapon)
 l - a +0 scimitar of holy wrath
 B - a +0 great sword
 O - a cursed +1 great sword of flaming
Armour
 s - a +1 ring mail of fire resistance
 J - a +0 pair of boots (worn)
 K - the +5 scale mail of the Valley (worn) {Stlth+}
   (You found it on level 10 of the Dungeon)

   It makes you more stealthy.
Jewellery
 d - a +5 ring of intelligence
 i - a ring of see invisible (right hand)
 t - an amulet of the gourmand (around neck)
 F - an uncursed ring of ice
 I - a ring of protection from fire (left hand)
Wands
 p - a wand of digging (6)
 u - a wand of flame (18)
 y - a wand of polymorph (21)
 z - a wand of disintegration (13)
 C - a wand of enslavement (9)
 E - a wand of paralysis (8)
 G - a wand of iceblast (12)
 H - a wand of acid (10)
Scrolls
 b - 6 scrolls of remove curse
 e - 3 scrolls of teleportation {unknown}
 f - 3 scrolls of enchant weapon {unknown}
 j - 2 scrolls of magic mapping
 o - 3 scrolls of blinking {unknown}
 r - a scroll of acquirement {unknown}
 v - 4 scrolls of amnesia {unknown}
 w - 2 scrolls of fog {unknown}
 D - 2 scrolls of enchant armour {unknown}
 P - a scroll of fear {unknown}
Potions
 g - 2 potions of berserk rage
 h - a potion of cancellation
 k - 5 potions of heal wounds
 m - 2 potions of brilliance
 n - 7 potions of curing
 q - a potion of flight
 x - 2 potions of invisibility
 A - 4 potions of haste
 L - 2 potions of degeneration {unknown}
 M - a potion of ambrosia
Comestibles
 c - 22 rations
 N - 4 chunks of flesh


   Skills:
 + Level 8.3 Fighting
 * Level 10.0 Long Blades
 + Level 10.7 Armour
 + Level 8.3 Dodging


You had 10 spell levels left.
You didn't know any spells.
Your spell library was empty.

Dungeon Overview and Level Annotations

Branches:
Dungeon (11/15)            Temple (0/1) D:6            Lair (0/6) D:11
Ossuary (visited)          Bailey (1/1)
    Orc: D:9-12

Altars:
Elyvilon
Uskayaw

Shops:
D:6 [


Innate Abilities, Weirdness & Mutations

You are resistant to torment.
Your stone body is resilient. (AC +8)
You are immune to poison.
You resist negative energy. (rN+)
You are resistant to electric shocks. (rElec)
You can survive without breathing.
You are immune to petrification.
You are immune to rotting.


Message History

There is an empty arch of ancient stone here.
You slash the orc warrior!
The orc warrior is heavily wounded.
The orc warrior hits you but does no damage.
An orc warrior comes into view. It is wielding a +0 halberd.
Your scale mail of the Valley prevents you from hitting the orc warrior.
The orc warrior is heavily wounded.
The orc knight roars a battlecry!
The orc warrior goes into a battle-frenzy!
The orc warrior hits you with a +0 halberd!
* * * LOW HITPOINT WARNING * * *
Unknown command.
You closely miss the orc warrior.
The orc warrior is heavily wounded.
The orc warrior misses you.
You barely miss the orc knight.
The orc warrior hits you with a +0 spear.
* * * LOW HITPOINT WARNING * * *
The orc warrior hits you with a +0 halberd!
You die...

### #### ##∩##
####
.oo.##...##....
≈≈≈..#...#..≈≈≈
≈)≈≈.......≈≈o≈
.∩o≈.......≈oo.
≈o≈≈.......≈≈o≈


#ooo# #.@o# ##∩## ### You could see 2 orc knights, 6 orc warriors and an orc.

Vanquished Creatures
  Fannar (D:10)
  A two-headed ogre (D:8)
  An unseen horror (D:10)
  A cyclops (D:10)
  Joseph (D:7)
  Prince Ribbit (D:7)
  3 hippogriffs
  Eustachio (D:4)
  4 hungry ghosts
  A human (D:8)
  4 hogs (D:8)
  Menkaure (D:6)
  A water moccasin (D:9)
  5 orc warriors
  2 phantoms
  4 ice beasts
  2 sky beasts
  5 centaurs
  3 ogres
  A crocodile (D:10)
  Blork the orc (D:6)
  3 big kobolds
  A gnoll sergeant (D:6)
  7 bullfrogs
  9 scorpions
  4 killer bees (D:10)
  14 wights
  4 howler monkeys
  2 centaur zombies
  5 crimson imps
  A quasit (D:10)
  8 hounds
  3 bullfrog skeletons
  4 human zombies (Ossuary)
  3 jellies
  16 orc wizards
  8 orc priests
  Jessica (D:3)
  Ijyb (D:4)
  Terence (D:3)
  4 iguanas
  14 worker ants
  2 big kobold zombies (Ossuary)
  2 hound skeletons
  2 mummies (Ossuary)
  12 gnolls
  11 adders
  5 shadow imps
  An ooze (D:1)
  An adder zombie (Ossuary)
  2 adder skeletons
  A worm (D:2)
  4 dart slugs
  6 leopard geckos
  36 orcs
  2 ball pythons
  10 giant cockroaches
  9 goblins
  4 hobgoblins
  7 jackals
  19 kobolds
  5 quokkas
  9 bats
  7 frilled lizards
  2 goblin zombies (Ossuary)
  9 hobgoblin zombies (Ossuary)
  A jackal zombie (D:4)
  11 kobold zombies (Ossuary)
  6 orc zombies (Ossuary)
  A quokka skeleton (D:4)
  7 rats
351 creatures vanquished.

Vanquished Creatures (others)
  An orc (D:9)
1 creature vanquished.

Grand Total: 352 creatures vanquished

Notes
Turn   | Place    | Note
-------+----------+-------------------------------------------
     0 | D:1      | Borgoz the Gargoyle Berserker began the quest for the Orb.
     0 | D:1      | Reached XP level 1. HP: 14/14 MP: 1/1
    93 | D:1      | Reached XP level 2. HP: 9/19 MP: 2/2
   572 | D:1      | Reached XP level 3. HP: 22/23 MP: 3/3
   666 | D:1      | Reached ** piety under Trog
  1397 | D:2      | Reached XP level 4. HP: 25/28 MP: 4/4
  1966 | D:3      | Noticed Jessica
  1970 | D:3      | Killed Jessica
  1970 | D:3      | Reached XP level 5. HP: 32/32 MP: 5/5
  2018 | D:3      | Reached *** piety under Trog
  2515 | D:3      | Reached XP level 6. HP: 37/37 MP: 6/6
  2643 | D:3      | Noticed Terence
  2663 | D:3      | Killed Terence
  3102 | D:4      | Noticed Ijyb
  3116 | D:4      | Killed Ijyb
  3170 | D:4      | Noticed a phantom
  3233 | D:4      | Killed a phantom
  3238 | D:4      | Noticed Eustachio
  3243 | D:4      | Reached skill level 5 in Armour
  3243 | D:4      | Reached XP level 7. HP: 22/41 MP: 7/7
  3318 | D:4      | Killed Eustachio
  3578 | D:4      | Reached skill level 5 in Long Blades
  4018 | D:4      | Reached XP level 8. HP: 46/46 MP: 8/8
  4392 | D:5      | Entered Level 5 of the Dungeon
  4504 | D:5      | Found a sand-covered staircase.
  4511 | Ossuary  | Entered an ossuary
  4542 | Ossuary  | Reached **** piety under Trog
  4797 | Ossuary  | Reached skill level 5 in Dodging
  4940 | D:5      | You fall into a shaft and drop 2 floors!
  5107 | D:6      | Reached XP level 9. HP: 46/51 MP: 9/9
  5154 | D:6      | Noticed Menkaure
  5168 | D:6      | Killed Menkaure
  5214 | D:6      | Found Cacegoqo's Armour Boutique.
  5646 | D:5      | Reached ***** piety under Trog
  5646 | D:5      | Received a gift from Trog
  6237 | D:6      | Found a staircase to the Ecumenical Temple.
  6343 | D:6      | Noticed Blork the orc
  6351 | D:6      | Killed Blork the orc
  6921 | D:7      | Reached skill level 5 in Fighting
  6961 | D:7      | Reached XP level 10. HP: 41/59 MP: 10/10
  7237 | D:7      | Noticed Joseph
  7255 | D:7      | Killed Joseph
  7318 | D:7      | Noticed Prince Ribbit
  7382 | D:7      | Killed Prince Ribbit
  8043 | D:8      | Noticed a two-headed ogre
  8052 | D:8      | Killed a two-headed ogre
  8190 | D:8      | Received a gift from Trog
  8202 | D:8      | Reached XP level 11. HP: 39/67 MP: 11/11
  8395 | D:8      | Reached skill level 10 in Armour
  8422 | D:8      | Found a white marble altar of Elyvilon.
  8571 | D:8      | Found a hide-covered altar of Uskayaw.
  9368 | D:10     | Entered Level 10 of the Dungeon
  9526 | D:10     | Received a gift from Trog
  9608 | D:10     | Noticed an unseen horror
  9619 | D:10     | Killed an unseen horror
  9644 | D:10     | Got a pitted scale mail
  9655 | D:10     | Identified the +5 scale mail of the Valley {Stlth+} (You
                  | found it on level 10 of the Dungeon)
  9681 | D:10     | Noticed Fannar
  9702 | D:10     | Killed Fannar
  9756 | D:10     | Noticed a cyclops
  9765 | D:10     | Killed a cyclops
 10277 | D:11     | Found a staircase to the Lair.
 10336 | D:11     | Found a flagged portal.
 10358 | D:11     | Reached skill level 10 in Long Blades
 10386 | Bailey   | Entered a bailey
 10386 | Bailey   | Noticed an orc knight
 10387 | Bailey   | Noticed an orc knight
 10391 | Bailey   | Noticed an orc knight
 10400 | Bailey   | HP: 5/102 [orc warrior/+0 spear (4)]
 10400 | Bailey   | Mangled by an orc warrior

Levels and vault maps discovered:
D:1:      dpeg_arrival_pond, layout_loops_ring, serial_rivers,
          chequers_serial_rivers_small_3, chequers_serial_rivers_small_b,
          chequers_serial_rivers_room_b, chequers_serial_rivers_micro_b,
          chequers_serial_rivers_small_a
D:2:      layout_basic
D:3:      layout_basic, first_ration, uniq_jessica, uniq_terence
D:4:      layout_loops_ring, roderic_serpentine_path, due_unseen_surprise,
          uniq_eustachio, uniq_ijyb
D:5:      layout_cave_pools, lightli_ossuary_entry_decrepit_ruins, serial_glass,
          glass_columns_b, glass_columns_a
D:6:      layout_gridville, minmay_temple_entry_arrows, serial_shops,
          nicolae_shop_behind_doors, uniq_menkaure, uniq_blork_the_orc
D:7:      layout_gridville, st_stairs_7, minmay_holes, uniq_joseph,
          uniq_prince_ribbit1
D:8:      layout_rooms, marbit_many_paths, grunt_livestock, elyvilon_altar_3
D:9:      layout_roguey
D:10:     layout_roguey, minmay_radiant, uniq_fannar
D:11:     layout_cave_pools, lair_entry_dummy, enter_bailey_6,
          lemuel_angel_altar
Bailey:   bailey_polearm_4, bailey

Skill      XL: |  1  2  3  4  5  6  7  8  9 10 11 |
---------------+----------------------------------+-----
Long Blades    | 3 4 5 6 7 8 10 | 10.0
Dodging        | 2 3 4 5 6 7 8 |  8.3
Armour         | 3 4 5 7 8 9 10 | 10.7
Fighting       | 5 7 8 |  8.3

Action                   |  1- 3 |  4- 6 |  7- 9 | 10-12 || total
-------------------------+-------+-------+-------+-------++-------
Melee: Falchion          |   119 |   200 |   497 |       ||   816
       Long sword        |       |       |   188 |   129 ||   317
       Scimitar          |       |       |       |    78 ||    78
       Double sword      |       |       |       |   236 ||   236
Invok: Berserk           |     2 |     4 |     9 |     9 ||    24
       Trog's Hand       |       |     2 |     4 |     4 ||    10
Evoke: Wand              |       |     1 |     3 |     4 ||     8
  Use: Scroll            |       |       |     9 |     4 ||    13
       Potion            |       |       |     1 |     2 ||     3
  Eat: Chunk             |     3 |    11 |    32 |    41 ||    87
       Ration            |       |       |     1 |     3 ||     4
Armor: Animal skin       |    28 |       |       |       ||    28
       Ring mail         |    45 |    91 |   330 |   193 ||   659
       Scale mail        |       |       |       |    70 ||    70
Dodge: Dodged            |   120 |   116 |   468 |   453 ||  1157
       Rpst.: Falchion   |    37 |    33 |    86 |       ||   156
       Long sword        |       |       |    49 |    55 ||   104
       Scimitar          |       |       |       |    29 ||    29
       Double sword      |       |       |       |    59 ||    59

Table legend:
 A = Non-vault XP
 B = Vault XP
 C = Vault XP percentage of total XP
 D = Non-vault monster count
 E = Vault monster count
 F = Vault count percentage of total count
                 A         B        C        D         E       F
            +---------+---------+-------+---------+---------+-------
      Total |   11995 |    4738 |  28.3 |     294 |      58 |  16.5
            +---------+---------+-------+---------+---------+-------
        D:1 |      51 |       0 |   0.0 |      25 |       0 |   0.0
        D:2 |      55 |       0 |   0.0 |      23 |       0 |   0.0
        D:3 |     201 |      73 |  26.6 |      26 |       2 |   7.1
        D:4 |     660 |     233 |  26.1 |      25 |       2 |   7.4
        D:5 |     670 |       0 |   0.0 |      21 |       0 |   0.0
        D:6 |    1208 |     269 |  18.2 |      31 |       2 |   6.1
        D:7 |    2248 |     886 |  28.3 |      28 |       3 |   9.7
        D:8 |    2052 |     991 |  32.6 |      28 |       6 |  17.6
        D:9 |    1190 |       0 |   0.0 |      28 |       0 |   0.0
       D:10 |    2333 |    1670 |  41.7 |      36 |       3 |   7.7
       D:11 |    1327 |       0 |   0.0 |      23 |       0 |   0.0
    Ossuary |       0 |     342 | 100.0 |       0 |      38 | 100.0
     Bailey |       0 |     274 | 100.0 |       0 |       2 | 100.0
            +---------+---------+-------+---------+---------+-------
